 Dungeon Crawl Stone Soup version 0.21-a0-507-ga8f6b7a (webtiles) character file.

4147 slep the Spear-Bearer (level 10, -7/78 HPs)
             Began as a Demonspawn Monk on Nov 27, 2017.
             Was a Believer of Okawaru.
             Mangled by a cyan ugly thing (11 damage)
             ... on level 9 of the Dungeon.
             The game lasted 00:36:29 (7382 turns).

slep the Spear-Bearer (Demonspawn Monk)             Turns: 7382, Time: 00:36:30

Health: -7/78      AC:  9    Str: 15    XL:     10   Next: 7%
Magic:  10/10      EV: 18    Int: 11    God:    Okawaru [**....]
Gold:   449        SH:  5    Dex: 16    Spells: 9/9 levels left

rFire    + + +     SeeInvis .   a - +4 trident
rCold    + . .     Gourm    .   j - +0 buckler
rNeg     . . .     Faith    .   l - +1 leather armour {rF+}
rPois    .         Spirit   .   (helmet restricted)
rElec    .         Reflect  .   P - scarf {rC+ rF+}
rCorr    .         Harm     .   M - +0 pair of gloves
MR       .....                  G - +2 pair of boots
Stlth    +++.......             E - amulet of rage
HPRegen  0.23/turn              k - +4 ring of evasion
MPRegen  0.12/turn              H - +6 ring of slaying

@: no status effects
A: antennae 2, rugged brown scales 1, fire resistance 1, spiny 2
a: Heroism, Renounce Religion, Evoke Berserk Rage


You were on level 9 of the Dungeon.
You worshipped Okawaru.
Okawaru was pleased with you.
You were hungry.

You visited 2 branches of the dungeon, and saw 10 of its levels.

You collected 449 gold pieces.

Inventory:

Hand Weapons
 a - a +4 trident (weapon)
 b - a +0 blowgun
 I - a +0 spear
Missiles
 w - 89 poisoned needles
 T - 8 curare-tipped needles
Armour
 g - a +0 leather armour
 i - a +0 scale mail
 j - a +0 buckler (worn)
 l - a +1 leather armour of fire resistance (worn)
 v - a +0 robe
 G - a +2 pair of boots (worn)
 M - a +0 pair of gloves (worn)
 P - a scarf of resistance (worn)
 S - a +0 cloak
 V - a +3 leather armour
Jewellery
 k - a +4 ring of evasion (left hand)
 u - an uncursed amulet of harm
 E - an amulet of rage (around neck)
 H - a +6 ring of slaying (right hand)
Wands
 t - a wand of clouds (7)
 F - a wand of flame (25)
 L - a wand of iceblast (6)
Scrolls
 d - a scroll of fear {unknown}
 e - 3 scrolls of immolation {unknown}
 h - 6 scrolls of identify {unknown}
 m - 3 scrolls of remove curse {unknown}
 n - 5 scrolls of teleportation {unknown}
 o - a scroll of amnesia {unknown}
 q - 2 scrolls of noise {unknown}
 r - 2 scrolls of magic mapping {unknown}
 x - 3 scrolls of fog {unknown}
 y - a scroll of enchant armour {unknown}
 A - a scroll of random uselessness {unknown}
 C - a scroll of enchant weapon {unknown}
Potions
 p - 3 potions of haste
 s - 3 potions of curing
 z - 2 potions of brilliance {unknown}
 D - a potion of mutation {unknown}
 J - a potion of heal wounds
 K - a potion of ambrosia {unknown}
 O - a potion of might {unknown}
 U - 3 potions of lignification
Books
 N - a book of Clouds

   Spells                             Type                      Level
   a - Poisonous Vapours              Poison/Air                   2
   b - Mephitic Cloud                 Conjuration/Poison/Air       3
   c - Conjure Flame                  Conjuration/Fire             3
   d - Freezing Cloud                 Conjuration/Ice/Air          6
   e - Ring of Flames                 Charms/Fire                  7
 Q - a book of Misfortune

   Spells                             Type                      Level
   a - Confusing Touch                Hexes                        1
   b - Confuse                        Hexes                        3
   c - Gell's Gravitas                Translocation                3
   d - Petrify                        Transmutation/Earth          4
   e - Metabolic Englaciation         Hexes/Ice                    5
   f - Yara's Violent Unravelling     Hexes/Transmutation          5
 R - a book of Power

   Spells                             Type                      Level
   a - Iskenderun's Battlesphere      Conjuration/Charms           5
   b - Venom Bolt                     Conjuration/Poison           5
   c - Bolt of Magma                  Conjuration/Fire/Earth       5
   d - Iron Shot                      Conjuration/Earth            6
   e - Orb of Destruction             Conjuration                  7
   f - Spellforged Servitor           Conjuration/Summoning        7
Comestibles
 c - 5 bread rations
 f - 4 meat rations
 B - a royal jelly


   Skills:
 + Level 6.2 Fighting
 + Level 9.2 Polearms
 + Level 4.0 Throwing
 + Level 3.8 Armour
 + Level 5.2 Dodging
 + Level 4.4 Stealth
 + Level 2.3 Shields


You had 9 spell levels left.
You didn't know any spells.

Dungeon Overview and Level Annotations

Branches:
Dungeon (9/15)             Temple (1/1) D:7
   Lair: D:8-11         Orc: D:9-12

Altars:
Ashenzari
Cheibriados
Dithmenos
Elyvilon
Fedhas
Gozag
Hepliaklqana
Kikubaaqudgha
Makhleb
Nemelex Xobeh
Okawaru
Qazlal
Ru
Sif Muna
Trog
Uskayaw
Vehumet
Wu Jian
Xom
Yredelemnul
Zin
The Shining One

Annotations:
D:6 Edmund


Innate Abilities, Weirdness & Mutations

You have a pair of antennae on your head.
You are partially covered in rugged brown scales. (AC +1, +3% HP)
Your flesh is heat resistant. (rF+)
You are mostly covered in sharp spines.


Message History

The cyan ugly thing is struck by your spines.
The cyan ugly thing completely misses you.
You barely miss the cyan ugly thing.
The cyan ugly thing is severely wounded.
The cyan ugly thing gores you!
* * * LOW HITPOINT WARNING * * *
The cyan ugly thing shocks you!
* * * LOW HITPOINT WARNING * * *
You hit the cyan ugly thing but do no damage.
The cyan ugly thing is severely wounded.
The cyan ugly thing completely misses you.
There is a stone staircase leading down here.
Evoke which item? (* to show all) (? for menu, Esc to quit)
Aiming: Iceblast
Press: ? - help, Shift-Dir - straight line The mass of ice explodes!
The iceblast engulfs the cyan ugly thing.
The cyan ugly thing is almost dead.
The cyan ugly thing gores you!
You die...

#.......>..._8_....#
#....[......._....##
#...............###
#.............###
###'###########
#..##### ##.....#
#####'####
#....@...#
#....u...#
#........#
#......$.#
#........#
#........#
#........#
+........#
#........+


You could see a cyan ugly thing.

Vanquished Creatures
  The ghost of Maimakterion the Cleaver, a novice DsGl of Ru (D:6)
  Eustachio (D:4)
  A hungry ghost (D:7)
  2 orc warriors
  An ice beast (D:8)
  A black bear (D:8)
  A sky beast (D:8)
  A necrophage (D:6)
  5 ogres
  2 phantoms
  6 bullfrogs
  A big kobold (D:8)
  3 scorpions
  8 wights (D:6)
  3 howler monkeys
  5 crimson imps
  A quasit (D:6)
  3 hounds
  2 jellies (D:8)
  8 orc priests
  A centaur skeleton (D:7)
  11 orc wizards
  2 iguanas
  5 worker ants
  A hound zombie (D:7)
  2 worker ant zombies
  8 adders
  3 shadow imps
  A white imp (D:5)
  4 worms
  2 dart slugs
  5 leopard geckos
  52 orcs
  8 bats
  7 giant cockroaches
  5 goblins
  4 hobgoblins
  10 jackals
  2 quokkas
  A ball python (D:2)
  7 frilled lizards
  A jackal skeleton (D:5)
  A jackal zombie (D:6)
  14 kobolds
  3 rats
216 creatures vanquished.

Notes
Turn   | Place    | Note
-------+----------+-------------------------------------------
     0 | D:1      | slep the Demonspawn Monk began the quest for the Orb.
     0 | D:1      | Reached XP level 1. HP: 18/18 MP: 1/1
   430 | D:1      | Gained mutation: You are partially covered in sharp spines. [demonic ancestry]
   430 | D:1      | Reached XP level 2. HP: 11/24 MP: 2/2
   839 | D:2      | Reached skill level 3 in Polearms
   868 | D:2      | Reached XP level 3. HP: 13/29 MP: 3/3
  1782 | D:3      | Gained mutation: You are mostly covered in sharp spines. [demonic ancestry]
  1782 | D:3      | Reached XP level 4. HP: 35/35 MP: 4/4
  1830 | D:3      | Noticed a phantom
  1857 | D:3      | Killed a phantom
  1857 | D:3      | Reached skill level 1 in Armour
  1857 | D:3      | Gained mutation: You have a pair of small antennae on your head. [demonic ancestry]
  1857 | D:3      | Reached XP level 5. HP: 8/41 MP: 5/5
  1947 | D:3      | Reached skill level 4 in Polearms
  2292 | D:3      | Found a hazy altar of Hepliaklqana.
  2657 | D:4      | Reached skill level 1 in Throwing
  2657 | D:4      | Gained mutation: You have a pair of antennae on your head. [demonic ancestry]
  2657 | D:4      | Reached XP level 6. HP: 21/48 MP: 6/6
  2912 | D:4      | Noticed Eustachio
  2920 | D:5      | Entered Level 5 of the Dungeon
  3071 | D:6      | Gained mutation: You are partially covered in rugged brown scales. (AC +1, +3% HP) [demonic ancestry]
  3071 | D:6      | Reached XP level 7. HP: 37/55 MP: 7/7
  3191 | D:6      | Reached skill level 1 in Shields
  3431 | D:6      | Reached skill level 5 in Polearms
  3538 | D:6      | Reached XP level 8. HP: 58/62 MP: 8/8
  3581 | D:6      | Noticed Maimakterion's ghost (novice DsGl)
  3598 | D:6      | Killed Maimakterion's ghost
  3614 | D:6      | Reached skill level 6 in Polearms
  3735 | D:6      | Found a glowing golden altar of the Shining One.
  3771 | D:6      | Reached skill level 5 in Fighting
  3782 | D:6      | Noticed Edmund
  4523 | D:4      | Killed Eustachio
  4523 | D:4      | Reached skill level 7 in Polearms
  4641 | D:5      | Reached XP level 9. HP: 70/70 MP: 9/9
  5411 | D:7      | Found a staircase to the Ecumenical Temple.
  5420 | Temple   | Entered the Ecumenical Temple
  5824 | D:7      | Reached skill level 8 in Polearms
  5876 | D:7      | Found a deep blue altar of Sif Muna.
  5978 | D:7      | Reached skill level 5 in Dodging
  6464 | D:8      | Reached skill level 9 in Polearms
  6602 | D:8      | Gained mutation: Your flesh is heat resistant. (rF+) [demonic ancestry]
  6602 | D:8      | Reached XP level 10. HP: 77/78 MP: 10/10
  6945 | D:8      | Found a basalt altar of Yredelemnul.
  6949 | D:8      | Found a snail-covered altar of Cheibriados.
  6953 | D:8      | Found an iron altar of Okawaru.
  6961 | D:8      | Became a worshipper of Warmaster Okawaru
  6961 | D:8      | Reached * piety under Okawaru
  6961 | D:8      | Reached ** piety under Okawaru
  7323 | D:9      | Found a shattered altar of Ashenzari.
  7324 | D:9      | Found an ornate altar of the Wu Jian Council.
  7324 | D:9      | Found a burning altar of Makhleb.
  7325 | D:9      | Found an ancient bone altar of Kikubaaqudgha.
  7366 | D:9      | Noticed a cyan ugly thing
  7382 | D:9      | Mangled by a cyan ugly thing

Vault maps used:
D:1:      lemuel_arrival_tunnels
D:3:      overflow_temple_1_default
D:4:      first_bread, uniq_eustachio
D:5:      st_stairs_1, chequers_big_river, minmay_fire_ice_demons
D:6:      overflow_temple_1_default, uniq_edmund
D:7:      lemuel_doored_altar, temple_hall
D:8:      minmay_overflow_temple_star_quad
D:9:      chequers_temple_overflow_statue_of_worship
Temple:   hc_temple_tempest_star

Skill      XL: |  1  2  3  4  5  6  7  8  9 |
---------------+----------------------------+-----
Polearms       | 3 4 5 7 9 |  9.2
Dodging        | 3 4 5 |  5.2
Stealth        | 2 3 4 |  4.4
Armour         | 1 2 3 |  3.8
Throwing       | 1 2 3 4 |  4.0
Fighting       | 4 5 6 |  6.2
Shields        | 1 2 |  2.3

Action                   |  1- 3 |  4- 6 |  7- 9 | 10-12 || total
-------------------------+-------+-------+-------+-------++-------
Melee: Spear             |   115 |   110 |    37 |       ||   262
       Trident           |       |       |   290 |    32 ||   322
 Fire: Blowgun           |       |    30 |     7 |       ||    37
Evoke: Wand              |       |       |       |     1 ||     1
  Use: Potion            |       |     3 |     4 |       ||     7
 Stab: Sleeping          |     3 |     6 |     4 |       ||    13
       Distracted        |     1 |       |       |       ||     1
       Invisible         |       |     2 |       |       ||     2
  Eat: Chunk             |     3 |     3 |    13 |     2 ||    21
Armor: Robe              |     8 |       |       |       ||     8
       Scale mail        |     8 |       |       |       ||     8
       Leather armour    |     5 |    19 |    36 |     5 ||    65
       Skin              |       |       |     5 |       ||     5
Dodge: Dodged            |    53 |    82 |   127 |    12 ||   274
Block: Buckler           |       |    18 |    40 |     4 ||    62

Table legend:
 A = Spawn XP
 B = Non-spawn XP
 C = Spawn XP percentage of total XP
 D = Spawn monster count
 E = Non-spawn monster count
 F = Spawn count percentage of total count
 G = Total turns spent on level
                    A         B        C        D         E        F      G
               +---------+---------+-------+---------+---------+-------+---------
         Total |       0 |    5925 |   0.0 |       0 |     216 |   0.0 |  7382
               +---------+---------+-------+---------+---------+-------+---------
           D:1 |       0 |      19 |   0.0 |       0 |      11 |   0.0 |   704
           D:2 |       0 |      73 |   0.0 |       0 |      25 |   0.0 |  1046
           D:3 |       0 |     217 |   0.0 |       0 |      22 |   0.0 |   866
           D:4 |       0 |     638 |   0.0 |       0 |      25 |   0.0 |   978
           D:5 |       0 |     257 |   0.0 |       0 |      18 |   0.0 |   793
           D:6 |       0 |    2129 |   0.0 |       0 |      44 |   0.0 |   982
           D:7 |       0 |     997 |   0.0 |       0 |      25 |   0.0 |   559
           D:8 |       0 |    1535 |   0.0 |       0 |      41 |   0.0 |  1079
           D:9 |       0 |      60 |   0.0 |       0 |       5 |   0.0 |    89
               +---------+---------+-------+---------+---------+-------+---------
